 Dungeon Crawl Stone Soup version 0.18.1-48-g4cf74bf (webtiles) character file.

1775 TheGrandAugre the Blocker (level 8, -2/70 HPs)
             Began as a Minotaur Fighter on July 3, 2016.
             Succumbed to a killer bee's poison
             ... on level 7 of the Dungeon.
             The game lasted 00:38:24 (6048 turns).

TheGrandAugre the Blocker (Minotaur Fighter)        Turns: 6048, Time: 00:38:25

Health: -2/70      AC: 10    Str: 22    XL:     8   Next: 80%
Magic:  7/7        EV:  6    Int:  5    God:
Gold:   252        SH: 16    Dex: 11    Spells: 0 memorised, 7 levels left

rFire  . . .     SeeInvis .     a - +0 war axe
rCold  . . .     Gourm    .     F - +0 chain mail
rNeg   . . .     Faith    .     w - +0 large shield
rPois  .         Spirit   .     (helmet restricted)
rElec  .         Dismiss  .     (no cloak)
rCorr  .         Reflect  .     (no gloves)
SustAt .         Harm     .     (no boots)
MR     .....                    (no amulet)
Stlth  ..........               (no ring)
                                (no ring)

@: lethally poisoned (-2 -> -29), not resistant to hostile enchantments,
extremely unstealthy
A: retaliatory headbutt, horns 2
a: no special abilities


You were on level 7 of the Dungeon.
You were not hungry.

You visited 1 branch of the dungeon, and saw 7 of its levels.

You collected 252 gold pieces.

Inventory:

Hand Weapons
 a - a +0 war axe (weapon)
 c - a +0 shortbow
 p - a +2 short sword of protection
 y - a +0 spear
 I - a +2 whip of flaming
Missiles
 j - 46 bolts
 G - 28 arrows
Armour
 w - a +0 large shield (worn)
 F - a +0 chain mail (worn)
Jewellery
 h - an uncursed amulet of rage {unknown}
 s - an uncursed ring of positive energy {unknown}
 v - an uncursed amulet of harm {unknown}
 x - an uncursed amulet of harm {unknown}
Wands
 J - a wand of random effects (24/48)
Scrolls
 e - 2 scrolls of enchant weapon {unknown}
 i - a scroll of blinking {unknown}
 k - 6 scrolls of identify {unknown}
 l - 5 scrolls of remove curse {unknown}
 n - a scroll of magic mapping {unknown}
 o - 2 scrolls of enchant armour {unknown}
 t - 5 scrolls of recharging {unknown}
 D - 3 scrolls of teleportation {unknown}
 E - a scroll of noise {unknown}
Potions
 b - a potion of berserk rage {unknown}
 d - a potion of might
 g - a potion of flight {unknown}
 m - 3 potions of ambrosia {unknown}
 r - a potion of heal wounds {unknown}
 z - a potion of agility {unknown}
 A - 2 potions of cure mutation {unknown}
 B - 2 potions of mutation {unknown}
 H - a potion of resistance {unknown}
Books
 C - a book of Fire

   Spells                             Type                      Level
   a - Ignite Poison                  Fire/Transmutation/Poison    3
   b - Fireball                       Conjuration/Fire             5
   c - Bolt of Fire                   Conjuration/Fire             6
   d - Delayed Fireball               Conjuration/Fire             7
   e - Ring of Flames                 Charms/Fire                  7
Comestibles
 f - 2 bread rations
 q - 5 fruits
 u - a slice of pizza


   Skills:
 + Level 5.8 Fighting
 + Level 5.7 Axes
 + Level 8.0 Armour
 + Level 4.4 Dodging
 - Level 0.3 Stealth
 + Level 8.4 Shields


You had 7 spell levels left.
You didn't know any spells.

Dungeon Overview and Level Annotations

Branches:
Dungeon (7/15)             Temple (0/1) D:5

Altars:
Nemelex Xobeh
Qazlal
Trog


Innate Abilities, Weirdness & Mutations

You reflexively headbutt those who attack you in melee.
You have a pair of horns on your head.


Message History

* * * LOW HITPOINT WARNING * * *
You are more poisoned.
The killer bee poisons you! You block the killer bee's attack. x2
The killer bee stings you but does no damage.
The killer bee stings you.
* * * LOW HITPOINT WARNING * * *
You closely miss the killer bee. You headbutt the killer bee.
You kill the killer bee!
You closely miss the killer bee.
The killer bee is moderately wounded.
* * * LOW HITPOINT WARNING * * *
You feel very sick. You block the killer bee's attack.
The killer bee closely misses you. You furiously retaliate!
You headbutt the killer bee.
* * * LOW HITPOINT WARNING * * *
You feel sick. You block the killer bee's attack.
The killer bee stings you but does no damage.
You see here a killer bee corpse.
Unknown command.
You die...

.##.#.# ## .....# ..
....# # #.##...#
###.#......#
....#..##..########.
...#...#.#.#........
..........@†........
.#...#.###y.......
#.....##########...##
#.###....# #....
#.)..# #...# #.#.[#
#...### ...#..#
#..... #.####..#
#...# ##.####..#
#####...##


You could see a killer bee.

Vanquished Creatures
  Pikel (D:6)
  Joseph (D:7)
  2 sky beasts (D:6)
  2 centaurs
  A crocodile (D:6)
  2 killer bees (D:7)
  A crimson imp (D:6)
  An orc wizard (D:3)
  3 iguanas
  8 worker ants
  A hound zombie (D:6)
  8 adders
  A shadow imp (D:6)
  An adder zombie (D:7)
  3 worms
  2 dart slugs (D:1)
  2 giant geckos (D:1)
  7 orcs
  9 bats
  4 giant cockroaches
  3 goblins
  2 hobgoblins (D:1)
  17 jackals
  6 kobolds
  3 quokkas
  A ball python (D:2)
  10 giant newts
  3 jackal skeletons
  A quokka skeleton (D:4)
  7 rats
113 creatures vanquished.

Vanquished Creatures (others)
  A slave (D:6)
  An orc wizard (D:6)
  An orc (D:6)
  A bush (D:5)
4 creatures vanquished.

Grand Total: 117 creatures vanquished

Notes
Turn   | Place    | Note
--------------------------------------------------------------
     0 | D:1      | TheGrandAugre the Minotaur Fighter began the quest for the Orb.
     0 | D:1      | Reached XP level 1. HP: 19/19 MP: 0/0
   391 | D:1      | Reached XP level 2. HP: 25/27 MP: 1/1
   517 | D:1      | Found a sparkling altar of Nemelex Xobeh.
   643 | D:1      | Reached XP level 3. HP: 33/33 MP: 2/2
  1224 | D:2      | Reached skill level 1 in Dodging
  1304 | D:2      | Reached XP level 4. HP: 40/40 MP: 3/3
  2033 | D:3      | Reached skill level 5 in Armour
  2047 | D:3      | Reached XP level 5. HP: 42/47 MP: 4/4
  2884 | D:4      | Found a stormy altar of Qazlal.
  2924 | D:4      | Reached skill level 5 in Shields
  3137 | D:4      | Reached XP level 6. HP: 45/53 MP: 5/5
  3536 | D:4      | Found a bloodstained altar of Trog.
  3653 | D:5      | Entered Level 5 of the Dungeon
  3795 | D:5      | Found a staircase to the Ecumenical Temple.
  4182 | D:6      | Noticed a slave
  4186 | D:6      | Noticed a slave
  4187 | D:6      | Noticed Pikel
  4187 | D:6      | Noticed a slave
  4188 | D:6      | Noticed a slave
  4201 | D:6      | Killed Pikel
  4201 | D:6      | Reached skill level 5 in Fighting
  4201 | D:6      | Reached XP level 7. HP: 51/61 MP: 6/6
  4420 | D:6      | Found a sand-covered staircase.
  4599 | D:6      | Reached XP level 8. HP: 38/68 MP: 7/7
  5491 | D:6      | Reached skill level 5 in Axes
  5899 | D:7      | Noticed Joseph
  5919 | D:7      | Killed Joseph
  6046 | D:7      | HP: 3/70 [poisoned by a killer bee]
  6047 | D:7      | HP: 1/70 [poisoned by a killer bee]
  6048 | D:7      | Succumbed to a killer bee's poison

Skill      XL: |  1  2  3  4  5  6  7  8 |
---------------+-------------------------+-----
Shields        | 4 5 6 7 8 |  8.4
Armour         | 4 5 6 8 |  8.0
Fighting       | 4 5 |  5.8
Dodging        | 1 2 3 4 |  4.4
Axes           | 3 4 5 |  5.7
Stealth        | |  0.3

Action                   |  1- 3 |  4- 6 |  7- 9 || total
-------------------------+-------+-------+-------++-------
Melee: War axe           |    87 |   151 |   111 ||   349
       Headbutt          |     5 |    28 |    25 ||    58
  Eat: Meat ration       |     1 |     1 |       ||     2
       Bread ration      |       |       |     2 ||     2
       Pizza             |       |       |     1 ||     1
Armor: Scale mail        |    56 |    45 |       ||   101
       Chain mail        |       |     8 |    56 ||    64
Dodge: Dodged            |    27 |    37 |    36 ||   100
Block: Shield            |    46 |    17 |       ||    63
       Large shield      |       |    96 |   107 ||   203
